[Event "The Allsvenskan 2024/25 Div II 6: SS Manhem IV- Helsingborgs ASK II"]
[Site "Goteborgs Schackcentrum, Vegatan 20, Gothenburg, Sweden"]
[Date "2025.03.16"]
[Round "1.1"]
[White "Hakansson, Stefan"]
[Black "Ottgard, Andreas"]
[Result "1-0"]
[TimeControl "90 minutes for 40 moves + 30 minutes for the rest of the game + 30 seconds per move from move one."]
[WhiteFideId "1708198"]
[BlackFideId "1730592"]
[WhiteElo "1985"]
[BlackElo "1915"]

1. d4 d6 2. Nf3 g6 3. Bf4 Bg7 4. e4 Nf6 5. Nbd2 Nbd7 6. Bc4 O-O 7. Qe2 c6 8. h4 h5 9. e5 dxe5 10. dxe5 Nd5 11. Bxd5 cxd5 12.
e6 Nc5 13. exf7+ Rxf7 14. Be5 Bf6 15. O-O-O Bg4 16. Qe3 Rc8 17. Kb1 Kg7 18. Rde1 Ne4 19. Bxf6+ exf6 20. Nd4 Nxd2+ 21. Qxd2 Re7 22.
f3 Bd7 23. Qb4 Rxe1+ 24. Rxe1 Rc7 25. Re7+ Kg8 26. Qd6 Qc8 27. Qxf6 1-0

[Event "The Allsvenskan 2024/25 Div II 6: SS Manhem IV- Helsingborgs ASK II"]
[Site "Goteborgs Schackcentrum, Vegatan 20, Gothenburg, Sweden"]
[Date "2025.03.16"]
[Round "1.2"]
[White "Torkkeli, Ted"]
[Black "Andersson, Stefan"]
[Result "1/2-1/2"]
[TimeControl "90 minutes for 40 moves + 30 minutes for the rest of the game + 30 seconds per move from move one."]
[WhiteFideId "1737724"]
[BlackFideId "1729535"]
[WhiteElo "1879"]
[BlackElo "1930"]

1. e4 e5 2. Nf3 Nc6 3. Bb5 a6 4. Ba4 b5 5. Bb3 Bc5 6. c3 d6 7. O-O Nge7 8. d4 exd4 9. cxd4 Bb6 10.
h3 O-O 11. Be3 Na5 12. Bc2 f5 13. Nc3 fxe4 14. Nxe4 Bf5 15. Bg5 Qd7 16. Re1 Rae8 17. a4 Ng6 18. axb5 axb5 19. Bd2 Nc6 20.
Bc3 b4 21. d5 Bxe4 22. Bxe4 Nce5 23. Bxb4 Nxf3+ 24. Bxf3 Ne5 25. Rxe5 Rxe5 26. Bc3 Rg5 27. Qd2 h6 28. Kh2 Qf7 29.
Re1 Rf5 30. Bg4 Rxd5 31. Qxd5 Qxd5 32. Be6+ Qxe6 33. Rxe6 Rxf2 34. Re7 Rf7 35. Re8+ Kh7 36. Re4 Rd7 37. Kg3 d5 38. Rg4 d4 39.
Bd2 Re7 40. Kf3 g5 41. b4 Kg6 42. h4 Re5 43. hxg5 hxg5 44. Re4 Rf5+ 45. Ke2 Kf6 46. g4 Rd5 47. Kd3 Rd8 48. Re2 Rh8 49.
Rf2+ Ke6 50. Bxg5 Rh3+ 51. Ke4 Rg3 52. Rf6+ Kd7 53. Bd2 Rxg4+ 54. Kd3 Kc8 55. Rf5 Kb7 56. b5 Rg3+ 57. Kc4 Rg1 58. Rh5 Rb1 59. Rf5 Rb2 60.
Kd3 Ba7 61. Ba5 Ra2 62. Be1 Ra1 63. Bd2 Rh1 64. Bb4 Rh3+ 65. Kc4 Rh4 66. Ba5 Rh7 67. Rd5 Rh1 68. Bb4 Rc1+ 69. Kd3 Kb6 70.
Kxd4 Rd1+ 71. Kc4 Rxd5 72. Kxd5 Kxb5 1/2-1/2

[Event "The Allsvenskan 2024/25 Div II 6: SS Manhem IV- Helsingborgs ASK II"]
[Site "Goteborgs Schackcentrum, Vegatan 20, Gothenburg, Sweden"]
[Date "2025.03.16"]
[Round "1.3"]
[White "Thomasson, Staffan"]
[Black "Kosmidis, Thomas"]
[Result "1-0"]
[TimeControl "90 minutes for 40 moves + 30 minutes for the rest of the game + 30 seconds per move from move one."]
[WhiteFideId "1706284"]
[BlackFideId "1753380"]
[WhiteElo "1875"]
[BlackElo "1790"]

1. c4 c6 2. e4 e6 3. d4 d5 4. Nc3 Nf6 5. e5 Nfd7 6. Bd3 dxc4 7. Bxc4 Nb6 8. Bb3 Nd5 9. Nf3 Be7 10.
O-O Na6 11. Bc2 Nac7 12. a3 b6 13. Ne4 Bb7 14. Re1 h6 15. Nfd2 Qd7 16. Nc4 O-O-O 17. Ned6+ Bxd6 18. Nxd6+ Kb8 19.
b4 Nb5 20. Nxb7 Kxb7 21. Bb2 g5 22. a4 Nbc7 23. Qd2 g4 24. Bd3 h5 25. Ba3 Rdg8 26. b5 cxb5 27. Bd6 h4 28. Rec1 g3 29.
Be4 gxh2+ 30. Kxh2 f5 31. Rxc7+ Qxc7 32. Bxc7 fxe4 33. Bd6 Rg7 34. axb5 Rhg8 35. Rxa7+ 1-0

[Event "The Allsvenskan 2024/25 Div II 6: SS Manhem IV- Helsingborgs ASK II"]
[Site "Goteborgs Schackcentrum, Vegatan 20, Gothenburg, Sweden"]
[Date "2025.03.16"]
[Round "1.4"]
[White "Tobiasson, Bjorn"]
[Black "Berling, Egil"]
[Result "0-1"]
[TimeControl "90 minutes for 40 moves + 30 minutes for the rest of the game + 30 seconds per move from move one."]
[WhiteFideId "1773682"]
[BlackFideId "1781197"]
[WhiteElo "1911"]
[BlackElo "1869"]

1. d4 d5 2. Nc3 Nf6 3. Bf4 c5 4. e4 Nxe4 5. Nxe4 dxe4 6. dxc5 Qa5+ 7. c3 Qxc5 8. Qa4+ Nc6 9. Qxe4 g6 10.
Be3 Qa5 11. Nf3 Bf5 12. Qh4 Bg7 13. Bd2 Qb6 14. Bc4 Qxb2 15. O-O O-O 16. g4 Bf6 17. Ng5 Bxg5 18. Bxg5 Be4 19. Rae1 Ne5 20. Rxe4 Nf3+ 21. Kg2 Nxh4+ 22. Bxh4 Qxc3 23. Bxe7 Rfe8 24. Bb3 Qc6 25. f3 Rac8 26. Rfe1 Qc3 27. R1e3 Qd2+ 28. Re2 Qd7 29. g5 Rc3 30.
Kg3 Qd3 31. R4e3 Qxe3 32. Rxe3 Rxe3 33. Bf6 b5 34. Bd4 R3e7 35. Bf6 Rc7 0-1

[Event "The Allsvenskan 2024/25 Div II 6: SS Manhem IV- Helsingborgs ASK II"]
[Site "Goteborgs Schackcentrum, Vegatan 20, Gothenburg, Sweden"]
[Date "2025.03.16"]
[Round "1.5"]
[White "Johansson, Daniel"]
[Black "Shchetinin, Oleg"]
[Result "1/2-1/2"]
[TimeControl "90 minutes for 40 moves + 30 minutes for the rest of the game + 30 seconds per move from move one."]
[WhiteFideId "1721640"]
[BlackFideId "1740210"]
[WhiteElo "1816"]
[BlackElo "1740"]

1. e4 e6 2. d4 d5 3. Nc3 Nf6 4. e5 Nfd7 5. Nce2 c5 6. c3 Nc6 7. Nf3 cxd4 8. cxd4 Bb4+ 9. Nc3 O-O 10.
Bd3 Be7 11. O-O f5 12. exf6 Nxf6 13. b3 Bd7 14. Bb2 Nb4 15. Bb1 Bd6 16. a3 Nc6 17. Re1 Ng4 18. h3 Nh6 19. Qd3 g6 20.
Nd1 Nf5 21. Bc2 Nh4 22. Ne5 Bxe5 23. dxe5 Qg5 24. Qg3 Qxg3 25. fxg3 Nf5 26. Bxf5 gxf5 27. Nf2 Na5 28. Re3 Rac8 29.
Rc1 Rxc1+ 30. Bxc1 Nc6 31. Nd3 Nd4 32. Nc5 Bc8 33. Bb2 Nc6 34. b4 b6 35. Nb3 Ba6 36. Nd4 Nxd4 37. Bxd4 Rc8 38.
Rc3 Rxc3 39. Bxc3 1/2-1/2